 Dungeon Crawl Stone Soup version 0.30-a0-722-g3e6e8c874d (webtiles) character file.

Game seed: 4654424709938419065

135 hbarley the Chopper (level 5, 0/42 HPs)
             Began as a Human Wanderer on Jan 27, 2023.
             Slain by an ogre
             ... wielding a +0 giant club
              (10 damage)
             ... on level 5 of the Dungeon.
             The game lasted 00:09:29 (2955 turns).

hbarley the Chopper (Human Wanderer)                Turns: 2955, Time: 00:09:29

Health: 0/42       AC:  9    Str: 16    XL:     5   Next: 42%
Magic:  6/6        EV:  9    Int: 11    God:
Gold:   192        SH:  0    Dex: 12    Spells: 6/6 levels left

rFire   + . .      SeeInvis .    q - +5 Force Lance {heavy, knockback}
rCold   . . .      Faith    .    (no shield)
rNeg    . . .      Spirit   .    b - +0 scale mail
rPois   .          Reflect  .    k - +0 helmet
rElec   .          Harm     .    r - +0 cloak
rCorr   .          Rampage  .    (no gloves)
Will    +....                    g - +0 pair of boots Stlth
                                 (no amulet)
HPRegen 0.27/turn                d - ring of willpower
MPRegen 0.10/turn                u - ring of protection from fire

@: studying Fire Magic
A: no striking features
a: no special abilities


You were on level 5 of the Dungeon.
You visited 1 branch of the dungeon, and saw 5 of its levels.

You collected 192 gold pieces.

Inventory:

Hand Weapons
 a - a +1 war axe
 p - a +2 hand axe of freezing
 q - the +5 Force Lance (weapon) {heavy, knockback}
   (You found it on level 3 of the Dungeon)
 s - a +1 long sword of protection
 y - a +0 mace of venom
Armour
 b - a +0 scale mail (worn)
 g - a +0 pair of boots (worn)
 k - a +0 helmet (worn)
 r - a +0 cloak (worn)
Magical Staves
 x - a staff of air
Jewellery
 d - a ring of willpower (left hand)
 u - a ring of protection from fire (right hand)
Wands
 w - a wand of roots (8)
Scrolls
 c - 2 scrolls of blinking
 e - a scroll of fog {unknown}
 f - a scroll of vulnerability {unknown}
 i - 3 scrolls of identify {unknown}
 j - a scroll of amnesia {unknown}
 l - a scroll of immolation {unknown}
 m - 2 scrolls of fear {unknown}
 n - a scroll of brand weapon {unknown}
 o - a scroll of poison {unknown}
 t - a scroll of enchant armour {unknown}
 C - a scroll of teleportation {unknown}
 D - a scroll of torment {unknown}
Potions
 h - a potion of resistance {unknown}
 v - a potion of brilliance {unknown}
 z - 2 potions of lignification {unknown}
 A - a potion of cancellation {unknown}
 B - a potion of degeneration {unknown}


   Skills:
 + Level 3.7 Fighting
 + Level 5.4(5.5) Axes
 + Level 0.8(3.4) Polearms
 + Level 1.6 Armour
 + Level 0.3 Dodging
 + Level 1.0 Spellcasting
 + Level 1.0 Invocations


You had 6 spell levels left.
You didn't know any spells.
Your spell library contained the following spells:

 Spells                   Type           Power      Damage    Failure   Level
 Lesser Beckoning         Tloc           0%         N/A       87%         2
 Dazzling Flash           Conj/Hex       0%         N/A       98%         3
 Gell's Gravitas          Tloc           0%         N/A       98%         3
 Portal Projectile        Hex/Tloc       0%         N/A       98%         3
 Teleport Other           Tloc           0%         N/A       98%         3
 Tukima's Dance           Hex            0%         N/A       98%         3
 Agony                    Necr           0%         N/A       100%        5
 Blade Hands              Tmut           0%         N/A       100%        5
 Silence                  Hex/Air        0%         N/A       100%        5


Dungeon Overview and Level Annotations

Branches:
Dungeon (5/15)
 Temple: D:4-7

Altars:
Xom

Annotations:
D:1 1 runed translucent door


Message History

You climb downwards.
The ogre shouts!
You hear a shout!
Found a whip and 15 gold pieces.
There is a stone staircase leading up here.
An orc comes into view. It is wielding a +0 hand axe.
Found 4 stones.
You puncture the ogre!
The ogre is knocked back by the blow.
The ogre is moderately wounded.
The scorpion stings you but does no damage.
An orc comes into view. It is wielding a +1 heavy hand axe.
The orc shouts!
The ogre closely misses you.
The scorpion stings you but does no damage.
You hit the ogre.
The ogre is knocked back by the blow.
The ogre collides with the orc!
The orc is moderately wounded.
The ogre is heavily wounded. x2
The scorpion barely misses you. The ogre barely misses you.
You hit the ogre.
The ogre is knocked back by the blow.
The ogre is heavily wounded.
The scorpion stings you but does no damage.
The orc barely misses you. The scorpion stings you.
The orc hits you with a +0 hand axe.
An orc comes into view. It is wielding a +0 club.
The scorpion attacks as you move away! The scorpion stings you.
The orc shouts!
The ogre hits you with a +0 giant club!!
Ouch! That really hurt!
* * * LOW HITPOINT WARNING * * *
The orc barely misses you.
An orc wizard comes into view. It is wielding a +0 dagger.
The orc wizard shouts!
You hit the ogre.
The ogre is severely wounded.
The scorpion stings you.
* * * LOW HITPOINT WARNING * * *
The orc hits you but does no damage.
The scorpion stings you but does no damage.
The ogre hits you with a +0 giant club!
You die...

# .# # .. ...#
#.#$#.###
.........#
...#)#.#.####
#.........##
#...<.....###
#...........##
#......s@O..o#
##.##.##oo.#..o.
#. #.####...# #
#. #.# ##.# #
..# # ..# ...#
.(.


You could see an ogre, a scorpion, an orc wizard and 3 orcs.

Vanquished Creatures
  A howler monkey (D:4)
  2 adders
  4 dart slugs
  2 orcs (D:4)
  6 ball pythons
  5 bats
  7 endoplasms
  A giant cockroach (D:3)
  9 hobgoblins
  8 jackals
  2 quokkas
  3 frilled lizards
  7 goblins
  2 kobolds (D:4)
  5 rats
64 creatures vanquished.

Notes
Turn   | Place    | Note
-------+----------+-------------------------------------------
     0 | D:1      | hbarley the Human Wanderer began the quest for the Orb.
     0 | D:1      | hbarley set off with the following items: a +1 war axe, a
                  | +0 scale mail, a scroll of blinking.
     0 | D:1      | Reached XP level 1. HP: 18/18 MP: 2/2
     1 | D:1      | Found a runed translucent door.
   135 | D:1      | Reached XP level 2. HP: 15/24 MP: 3/3
   304 | D:1      | Reached XP level 3. HP: 29/29 MP: 4/4
   779 | D:2      | Reached XP level 4. HP: 35/35 MP: 5/5
   926 | D:2      | Found a shimmering altar of Xom.
  1051 | D:2      | Reached skill level 5 in Axes
  1357 | D:3      | Found the +5 Force Lance {heavy, knockback}
  2571 | D:4      | Reached XP level 5. HP: 41/42 MP: 6/6
  2947 | D:5      | Entered Level 5 of the Dungeon
  2947 | D:5      | Noticed an ogre
  2955 | D:5      | Slain by an ogre

Illustrated notes

Levels and vault maps discovered:
D:1:      dpeg_arrival_caged_fury, layout_basic
D:2:      layout_loops_ring, basic_altar
D:3:      layout_basic, grunt_decor_resistance, dk_noncrumbling_2
D:4:      layout_cave_pools, serial_forest, infiniplex_forest_corner_1,
          infiniplex_forest_straight_4, infiniplex_forest_straight_2,
          infiniplex_forest_clump_diagonal
D:5:      layout_loops_ring, uniq_duvessa

Skill      XL: |  1  2  3  4 |
---------------+-------------+-----
Axes           | 5 |  5.4
Fighting       | |  3.7
Polearms       | |  0.8
Armour         | |  1.6
Dodging        | |  0.3
Spellcasting   | |  1.0
Invocations    | |  1.0

Action                     |  1- 3 |  4- 6 || total
---------------------------+-------+-------++-------
  Melee: War axe           |    62 |    11 ||    73
         Lance             |       |    52 ||    52
         Punch             |       |     1 ||     1
 Armour: Scale mail        |    39 |    43 ||    82
  Dodge: Dodged            |    46 |    35 ||    81

Table legend: (Time is in decaauts)
 A = Elapsed time spent in this place.
 B = Non-inter-level travel time spent in this place.
 C = Inter-level travel time spent in this place.
 D = Time resting spent in this place.
 E = Time spent auto-exploring this place.
 F = Levels seen in this place.
 G = Mean time per level.
                   A        B        C        D        E       F      G
               +--------+--------+--------+--------+--------+-----+--------+
         Total |   2992 |   2317 |    675 |     69 |   1805 |   5 |  598.4 |
       Dungeon |   2992 |   2317 |    675 |     69 |   1805 |   5 |  598.4 |
               +--------+--------+--------+--------+--------+-----+--------+

Top non-repeatable levels by time:
     D:3: 1122 daAuts
     D:2: 691 daAuts
     D:1: 601 daAuts
     D:4: 568 daAuts
     D:5: 8 daAuts
